Dfaw, lawful female dwarven Valkyrie ## * # #*#)---------- -------- ###* #* ` |.........|#####|......| ##*###` ##-.........|# |...)<.| % # |..........# ##.......| o#do@#%e#o## ########|.........|# # |......| ---------.--- # -|----.----#### -------- |`.........`| ### ########`#%## |.....`.....| # # # # |...----.....#%# ### # |...|.{.|...| # # #|..`|{...`..| ### # #-...|.{.|...| # # |...-----...| -----.-# |.....`.....| ######......-# |`.........`| |.....| ------------- |.....| ------- Dfaw the Skirmisher Experience level: 4 Strength: 18/02 Dexterity: 15 Constitution: 18 Intelligence: 10 Wisdom: 9 Charisma: 7 Health: 0(48) Energy: 4(4) Def: 0 Gold: 0 Moves: 1790 Dungeon seed: Xlzkf3c6FWG9rr5t Game ID: Dfaw_1466656694 Your Inventory: Weapons a - a +1 long sword (weapon in hand) b - a +0 dagger Armor n - a blessed +0 studded leather armor r - an uncursed +0 cloak of displacement Comestibles h - an uncursed partly eaten slime mold Scrolls i - an uncursed scroll of blank paper Gems q - 2 uncursed worthless pieces of orange glass y - 3 uncursed worthless pieces of yellow glass z - an uncursed amethyst stone Spells and supernatural/magical abilities: Name Level Category Fail Memory W - pray for help -- divine ? -- Your skills at the end: Fighting Skills wands [Basic] Weapon Skills dagger [Basic] long sword [Basic] Spellcasting Skills Final Attributes: You were piously aligned. You were cold resistant. You had infravision. You were stealthy. You are dead. Vanquished creatures: a blue jelly a rock mole 2 kobold lords 6 hill orcs a rothe a giant rat a yellow mold a red mold 2 geckos a jackal 3 goblins 3 sewer rats 6 grid bugs a lichen 4 newts 34 creatures vanquished. Voluntary challenges: You were an atheist. You used a wielded weapon 37 times, starting on turn 23. You were illiterate. You never genocided any monsters. You never polymorphed an object. You never changed form. You used no wishes. You never split a pudding. You never wrote Elbereth's name. You never violated your personal moral code. Dungeon overview: The Dungeons of Doom: levels 1 to 7 Level 1 an altar to Odin a long staircase Level 2 Level 3 Level 4 Level 5 Level 6 some fountains Level 7 <- You were here some fountains History has recorded: On T:1 you entered the Dungeons of Doom to retrieve the Amulet of Yendor! On T:304 you reached level 2 of The Dungeons of Doom. On T:375 you reached level 3 of The Dungeons of Doom. On T:662 you reached level 4 of The Dungeons of Doom. On T:667 you advanced to experience level 2. On T:982 you reached level 5 of The Dungeons of Doom. On T:984 you advanced to experience level 3. On T:1076 you reached level 6 of The Dungeons of Doom. On T:1129 you reached level 7 of The Dungeons of Doom. On T:1303 you advanced to experience level 4. Score breakdown: Gold: 0 ( 0 points) Experience: 4 levels ( 9649 points) Exploration: 7 levels ( 13.73%) (10392 points) Discoveries: 2 items ( 0.80%) ( 2688 points) Valuables value: (no points given unless you survive) Artifact value: 0 ( 0 points) Variety of kills: 15 monsters ( 3.92%) ( 5937 points) Turncount: 1790 turns ( 0 points) Survival: died (score multiplied by 80%) Total score: 22932 Latest messages: It is missed. The hill orc is hit. The kobold lord hits! You slow down under the floating eye's gaze. The hill orc picks up a crude dagger from the floor. The kobold lord picks up a few items from the floor. You miss the kobold lord. The kobold lord wields a cursed orcish dagger! The orcish dagger welds itself to the kobold lord's hand! You hit the kobold lord! The kobold lord tries to wield a cursed orcish dagger. The kobold lord's orcish dagger is welded to his hand! You kill the kobold lord! There are several objects here. The hill orc wields an orcish dagger! Your speed returns. The hill orc thrusts his orcish dagger. The hill orc hits! You miss the hill orc. The hill orc thrusts his orcish dagger. The hill orc hits! You die... Final status: Farvel Dfaw the Valkyrie, killed by a hill orc... You died in The Dungeons of Doom on dungeon level 7 with 22932 points, and 0 pieces of gold, after 1790 moves. You were level 4 with a maximum of 48 hit points when you died.